[Event "CZE-ch Open 2018"]
[Site "Ostrava"]
[Date "2018.05.06"]
[Round "9"]
[White "Stepan, Patrik"]
[Black "Rubes, Jan"]
[Result "0-1"]
[ECO "E97"]
[WhiteElo "2207"]
[BlackElo "2337"]
[Annotator "NA"]
[PlyCount "54"]
[EventDate "2018.??.??"]
[EventCountry "CZE"]
[SourceTitle "playchess.com"]
[Source "ChessBase"]
[SourceQuality "1"]
[TimeControl "40/5400+30:900+30"]

1. d4 Nf6 2. c4 g6 3. Nc3 Bg7 4. e4 d6 5. Nf3 O-O 6. Be2 e5 7. O-O Nc6 8. d5 Ne7 9. b4 c6 10. a4 a5 {[%emt 0:00:04] E97: King's Indian: Classical Main Line (6...e5 7 0-0 Nc6): 8 Be3 and 8 d5 Ne7, not 9 Ne1} 11. bxa5 {[%emt 0:06:57] LiveBook: 32 Games} c5 (11... Qxa5 12. Bd2 {Predecessor:} c5 13. Kh1 (13. Qc2 Qd8 14. Rfb1 Nd7 15. Nb5 Ra6 16. Ra3 h6 17. Qc1 Kh7 18. Nh4 {1-0 (83) Saduakassova,D (2407)-Ezat,M (2490) Doha 2015}) 13... Qd8 14. Ra3 Kh8 15. Ne1 Nd7 16. Nd3 Ng8 17. Qc1 Ra6 18. Rg1 {1-0 (41) Kovalenko,I (2661)-Can,E (2555) Moscow 2015}) 12. Bd2 Nh5 $146 13. Re1 h6 14. Rb1 Nf4 15. Bf1 g5 (15... Rxa5 $14 16. g3 Nh5) 16. Bxf4 exf4 17. Nb5 Ng6 18. Rb3 Rxa5 19. Ra3 {[%emt 0:02:23] [#]} g4 $1 20. Nd2 Be5 21. f3 h5 22. fxg4 $19 (22. Nb3 $17 Ra6 23. Qd2) 22... hxg4 23. Be2 f3 24. gxf3 Bxh2+ 25. Kf2 g3+ 26. Ke3 Qg5+ 27. Kd3 g2 {[%emt 0:00:04] Kd4} 0-1

[Event "CZE-ch Open 2018"]
[Site "Ostrava"]
[Date "2018.05.06"]
[Round "9"]
[White "Gnida, Patrik"]
[Black "Mrazek, Lumir"]
[Result "0-1"]
[ECO "A16"]
[WhiteElo "2165"]
[BlackElo "2327"]
[Annotator "NA"]
[PlyCount "64"]
[EventDate "2018.??.??"]
[EventCountry "CZE"]
[SourceTitle "playchess.com"]
[Source "ChessBase"]
[SourceQuality "1"]
[TimeControl "40/5400+30:900+30"]

1. c4 Nf6 2. Nc3 g6 3. Nf3 Bg7 4. g3 O-O {[%emt 0:00:20] A16: English Opening: 1...Nf6 with ...d5} 5. d3 d5 6. cxd5 Nxd5 7. Bd2 c6 (7... c5 8. h4 Nc6 9. h5 Nxc3 10. bxc3 c4 11. hxg6 hxg6 12. Qa4 Na5 {1-0 (27) Aronian,L (2801)-Giri,A (2762) Palma de Mallorca 2017}) 8. Qc1 $146 ({Predecessor:} 8. Bg2 Nd7 9. O-O b6 10. Rc1 Bb7 11. Qb3 e6 12. Bg5 Qb8 13. Nxd5 exd5 14. d4 Re8 15. Rc2 Qd6 16. Rfc1 a5 {0-1 (26) Yilmaz,M (2567)-Odeev,H (2406) Gebze 2013}) 8... Re8 9. Bh6 Bh8 (9... Bg4 $11) 10. h4 Nxc3 11. bxc3 Qa5 12. Bd2 $1 Qh5 (12... Bg4 $11 {remains equal.}) 13. Bg2 Bg4 {[%emt 0:01:13] [#]} (13... f6 $16 {is a better defense.}) 14. Qb2 $2 (14. Ng5 $1 $18) 14... Nd7 15. Ng5 Be5 16. Qb3 Rf8 17. f3 $2 (17. d4 $18 Bd6 18. f3 (18. Qxb7 Rab8 $16) 18... Bxg3+ 19. Kd1) 17... Bxg3+ 18. Kd1 Bf5 19. e4 Rad8 20. Qxb7 Nc5 21. Qxe7 Nxd3 22. exf5 Nf2+ 23. Kc2 Nxh1 $11 24. Rxh1 Bxh4 25. Bc1 h6 26. f4 hxg5 27. Bxc6 Qg4 28. fxg6 fxg6 29. fxg5 Rf2+ 30. Kb1 Rb8+ 31. Bb7 Qc8 32. Ka1 Qxc3+ 0-1

[Event "CZE-ch Open 2018"]
[Site "Ostrava"]
[Date "2018.05.06"]
[Round "9"]
[White "Vystrcil, Martin"]
[Black "Obsivac, Josef"]
[Result "1/2-1/2"]
[ECO "C03"]
[WhiteElo "2146"]
[BlackElo "2330"]
[Annotator "NA"]
[PlyCount "91"]
[EventDate "2018.??.??"]
[EventCountry "CZE"]
[SourceTitle "playchess.com"]
[Source "ChessBase"]
[SourceQuality "1"]
[TimeControl "40/5400+30:900+30"]

1. e4 e6 2. d4 d5 3. Nd2 a6 4. Ngf3 c5 {[%emt 0:00:14] LiveBook: 1321 Games} 5. exd5 exd5 6. dxc5 Bxc5 7. Nb3 Bb6 8. c4 {[%emt 0:19:20] C08: French Tarrasch: 3...c5 4 exd5 exd5 sidelines} Nf6 $146 ({Predecessor:} 8... Qe7+ 9. Be2 dxc4 10. Nbd2 Nf6 11. Nxc4 Bc5 12. O-O O-O 13. Be3 Bxe3 14. Nxe3 Nc6 {½-½ (14) Solak,D (2567)-Nikolic,P (2626) Murska Sobota 2006}) 9. c5 Bc7 10. Bd3 O-O 11. O-O h6 12. h3 Nc6 13. Re1 Re8 14. Be3 Ne4 15. Nbd4 Qf6 16. Kh1 $15 (16. Rc1 $11) 16... Ne5 17. b4 Ng6 18. Bf1 Nf4 19. Rc1 g5 20. Nh2 h5 21. Kg1 g4 22. hxg4 hxg4 23. g3 Nh3+ 24. Bxh3 gxh3 25. Qh5 Re5 26. Qf3 Qxf3 27. Nhxf3 Re8 28. Ng5 Bd7 29. Kh2 Kg7 30. Nxe4 dxe4 31. c6 bxc6 32. Nxc6 Bg4 33. Bd4+ Kh7 34. Rc5 Re6 35. Rec1 Rg8 36. a4 Bb6 37. Rd5 Bxd4 38. Rxd4 e3 39. fxe3 Rxe3 40. Rc2 Rg6 41. Rf2 Be6 42. Nd8 Bb3 43. Nxf7 Rgxg3 44. b5 axb5 45. axb5 Rg6 46. Nd6 1/2-1/2

[Event "CZE-ch Open 2018"]
[Site "Ostrava"]
[Date "2018.05.06"]
[Round "9"]
[White "Jelinek, Michal"]
[Black "Svatos, Jan"]
[Result "0-1"]
[ECO "E32"]
[WhiteElo "2134"]
[BlackElo "2272"]
[Annotator "NA"]
[PlyCount "118"]
[EventDate "2018.??.??"]
[EventCountry "CZE"]
[SourceTitle "playchess.com"]
[Source "ChessBase"]
[SourceQuality "1"]
[TimeControl "40/5400+30:900+30"]

1. d4 Nf6 2. c4 e6 3. Nc3 Bb4 4. Qc2 O-O 5. a3 Bxc3+ 6. Qxc3 b6 7. Bg5 Bb7 8. e3 c5 9. dxc5 bxc5 10. f3 Nc6 11. Bd3 h6 12. Bh4 {[%emt 0:00:08] LiveBook: 5 Games} a5 13. Ne2 a4 14. Qc2 (14. O-O $14) 14... Ne5 15. O-O-O Ba6 $11 16. e4 g5 17. Bg3 Nxd3+ 18. Rxd3 d5 19. exd5 exd5 20. h4 g4 21. Be5 Re8 22. Bxf6 Qxf6 23. Rxd5 Rab8 24. Rf5 Qe6 25. Nf4 Qe3+ 26. Kb1 Qxa3 27. Nd5 Bxc4 28. Nf6+ Kh8 29. Re5 Rxb2+ 30. Qxb2 Qxb2+ 31. Kxb2 Rxe5 32. fxg4 Kg7 33. Nd7 Re2+ 34. Kc3 Be6 35. Nxc5 a3 36. Ra1 a2 37. Nxe6+ fxe6 38. Kb3 Rxg2 39. Rxa2 Rg3+ 40. Kc4 Rxg4+ 41. Kd3 Rxh4 42. Re2 Kf6 43. Rf2+ Ke5 44. Rf8 h5 45. Ke3 Ra4 46. Rh8 h4 47. Rh5+ Kf6 48. Kf3 h3 49. Kg3 Ra3+ 50. Kf4 e5+ 51. Ke4 Kg6 52. Rh8 Kg5 53. Kxe5 Kg4 54. Ke4 Kg3 55. Rg8+ Kf2 56. Rh8 Kg2 57. Kf4 Ra4+ 58. Ke3 h2 59. Rg8+ Kh3 {[%emt 0:00:05] Kd4} 0-1

[Event "CZE-ch Open 2018"]
[Site "Ostrava"]
[Date "2018.05.06"]
[Round "9"]
[White "Bures, Martin"]
[Black "Jedlicka, Ales"]
[Result "0-1"]
[ECO "A48"]
[WhiteElo "2100"]
[BlackElo "2238"]
[Annotator "ChessBase"]
[PlyCount "148"]
[EventDate "2018.??.??"]
[EventCountry "CZE"]
[SourceTitle "playchess.com"]
[Source "ChessBase"]
[SourceQuality "1"]
[TimeControl "40/5400+30:900+30"]

1. d4 Nf6 2. Nf3 g6 3. Bg5 Bg7 4. c3 O-O 5. Nbd2 d6 6. e4 c5 7. dxc5 dxc5 8. Bc4 Nc6 9. a4 Qc7 10. O-O Bg4 11. Qc2 Rad8 12. Rfe1 Nh5 13. h3 Bc8 14. Rad1 h6 15. Be3 b6 16. Nf1 Nf4 17. Rxd8 Nxd8 18. e5 Be6 19. Bxe6 Nfxe6 20. Qe4 Nc6 21. Bc1 Rd8 22. Ne3 Nxe5 23. Nxe5 Qxe5 24. Qxe5 Bxe5 25. Ng4 Bc7 26. Nxh6+ Kf8 27. Ng4 Bf4 28. Ne3 f6 29. Kf1 Kf7 30. Ke2 Bc7 31. Nc4 Rh8 32. Rd1 Ke8 33. Kf3 Rh4 34. b3 Rh5 35. Be3 Rf5+ 36. Ke4 Bf4 37. h4 Bxe3 38. fxe3 Rf2 39. Rd2 Rf1 40. Na3 Ra1 41. Nb5 a6 42. Na7 Rb1 43. Nc6 Rxb3 44. Kd5 Kf7 45. Kc4 Rb1 46. Nb8 b5+ 47. axb5 axb5+ 48. Kd5 b4 49. cxb4 Rxb4 50. Nc6 Rxh4 51. Ra2 Rh5+ 52. Kc4 Ng7 53. Ra7 Nf5 54. e4 Rh4 55. Kd5 Ne3+ 56. Kxc5 Rxe4 57. Nd8+ Ke8 58. Nc6 Nxg2 59. Kd5 Re1 60. Ra8+ Kf7 61. Nd8+ Kg7 62. Ne6+ Kh7 63. Re8 Re5+ 64. Kc6 Rxe6+ 65. Kd7 Nf4 66. Ra8 g5 67. Ke8 Kg7 68. Rd8 f5 69. Rd1 Kf6 70. Rh1 g4 71. Kf8 Ng6+ 72. Ke8 Ra6 73. Rd1 g3 74. Rd6+ exd6 0-1

[Event "CZE-ch Open 2018"]
[Site "Ostrava"]
[Date "2018.05.06"]
[Round "9"]
[White "Havelka, Ondrej"]
[Black "Voloshin, Leonid"]
[Result "0-1"]
[ECO "C41"]
[WhiteElo "2041"]
[BlackElo "2370"]
[Annotator "NA"]
[PlyCount "122"]
[EventDate "2018.??.??"]
[EventCountry "CZE"]
[SourceTitle "playchess.com"]
[Source "ChessBase"]
[SourceQuality "1"]
[TimeControl "40/5400+30:900+30"]

1. d4 d6 2. e4 Nf6 3. Nc3 e5 4. Nf3 Nbd7 5. g4 g6 ({Better is} 5... Nxg4 $11 6. Bg5 Ngf6) 6. g5 Nh5 $1 7. Be3 Bg7 8. Qd2 c6 {[%emt 0:02:41] LiveBook: 12 Games} 9. O-O-O O-O 10. dxe5 dxe5 11. Bh3 Qa5 12. Qd6 Nb6 13. Bxc8 $11 Raxc8 14. Qc5 Qxc5 15. Bxc5 Rfe8 16. a4 Nf4 17. b3 Ne6 18. Be3 Rcd8 19. a5 Nc8 20. Nd2 Nd4 21. Na4 b5 22. axb6 axb6 23. c3 b5 24. Nc5 Bf8 25. b4 Ne6 26. Ndb3 Nd6 27. Nxe6 Rxe6 28. Na5 Rc8 29. f3 f5 30. gxf6 Rxf6 31. Bc5 Nc4 32. Nxc4 bxc4 33. Rhf1 Ra8 34. Kb2 Bxc5 35. bxc5 Rf7 36. Rb1 Ra5 37. Kc2 Rxc5 38. Rb4 Ra5 39. Rxc4 c5 40. Kd3 Rf4 41. Ke3 Rh4 42. Rf2 g5 43. Rd2 Rh3 44. Rd5 g4 45. Rxe5 Rxf3+ 46. Ke2 Ra2+ 47. Ke1 Ra1+ 48. Ke2 Ra2+ 49. Ke1 Rxh2 50. Rcxc5 h6 51. Rc7 Rf7 52. Rxf7 Kxf7 53. c4 h5 54. Kf1 Kg6 55. c5 Rc2 56. Kg1 h4 57. Re6+ Kg5 58. c6 h3 59. e5 g3 60. Rf6 h2+ 61. Kh1 Rc1+ 0-1

[Event "CZE-ch Open 2018"]
[Site "Ostrava"]
[Date "2018.05.06"]
[Round "9"]
[White "Kana, Pavel"]
[Black "Malinovsky, Petr"]
[Result "1/2-1/2"]
[ECO "B27"]
[WhiteElo "2024"]
[BlackElo "2006"]
[Annotator "NA"]
[PlyCount "20"]
[EventDate "2018.??.??"]
[EventCountry "CZE"]
[SourceTitle "playchess.com"]
[Source "ChessBase"]
[SourceQuality "1"]
[TimeControl "40/5400+30:900+30"]

1. e4 c5 2. Nf3 g6 3. g3 Nc6 4. Bg2 Bg7 5. O-O Nf6 6. d3 d5 7. Nc3 dxe4 8. dxe4 {[%emt 0:04:19] LiveBook: 3 Games} Qxd1 9. Rxd1 Bg4 $11 10. Be3 Nd7 1/2-1/2